 Dungeon Crawl Stone Soup version 0.27.1-35-g4d5d836560 (webtiles) character file.

Game seed: 17172851178526149346

5254 cbfl8 the Cruncher (level 10, -5/87 (90) HPs)
             Began as a Minotaur Delver on Mar 19, 2022.
             Was a Follower of Yredelemnul.
             Succumbed to a kobold brigand's curare-tipped dart
             ... on level 9 of the Dungeon.
             The game lasted 00:17:41 (9323 turns).

cbfl8 the Cruncher (Minotaur Delver)                Turns: 9323, Time: 00:17:42

HP:   -5/87 (90)    AC: 15    Str: 18    XL:     10   Next: 36%
MP:   9/9           EV:  7    Int:  7    God:    Yredelemnul [*.....]
Gold: 354           SH:  0    Dex: 14    Spells: 9/9 levels left

rFire    + . .     SeeInvis .   t - +0 quarterstaff (spect)
rCold    . . .     Faith    .   (shield currently unavailable)
rNeg     . . .     Spirit   .   K - +0 plate armour
rPois    .         Reflect  .   B - +1 hat
rElec    .         Harm     +   z - scarf {harm}
rCorr    .         Rampage  .   (no gloves)
Will     .....                  (no boots)
Stlth    ..........             x - amulet of regeneration
HPRegen  1.24/turn              v - ring of protection from cold
MPRegen  0.11/turn              l - ring of fire

@: lethally poisoned (-5 -> -27), slowed, lightly drained, very slow
A: horns 2, retaliatory headbutt
a: Renounce Religion, Animate Remains


You were on level 9 of the Dungeon.
You worshipped Yredelemnul.
Yredelemnul was aware of your devotion.
You visited 2 branches of the dungeon, and saw 10 of its levels.

You collected 354 gold pieces.

Inventory:

Hand Weapons
 a - a +0 hand axe
 n - a +0 flail
 t - a +0 spectral quarterstaff (weapon)
 D - a +0 great mace
 E - a +4 war axe
 O - a +4 hand axe of draining
Missiles
 s - a throwing net (quivered)
Armour
 b - a +0 leather armour
 j - a +1 cloak
 q - a +0 scale mail
 z - a scarf of harm (worn)
 B - a +1 hat (worn)
 K - a +0 plate armour (worn)
 N - a +0 troll leather armour
Jewellery
 l - a ring of fire (right hand)
 v - a ring of protection from cold (left hand)
 x - an amulet of regeneration (around neck)
 y - an amulet of reflection
 M - an amulet of guardian spirit
Wands
 g - a wand of digging (8)
Scrolls
 c - 3 scrolls of fog
 d - 2 scrolls of magic mapping
 e - 2 scrolls of fear
 h - 3 scrolls of enchant weapon
 k - 2 scrolls of amnesia
 r - a scroll of vulnerability {unknown}
 u - a scroll of blinking {unknown}
 A - a scroll of noise {unknown}
 C - 2 scrolls of immolation {unknown}
 H - a scroll of silence {unknown}
 I - a scroll of teleportation {unknown}
Potions
 f - a potion of haste
 i - 6 potions of lignification
 m - a potion of attraction {unknown}
 o - 2 potions of flight {unknown}
 p - 5 potions of curing
 w - a potion of resistance {unknown}
 G - 2 potions of degeneration {unknown}
 J - 2 potions of mutation {unknown}
 L - 2 potions of heal wounds {unknown}
Miscellaneous
 F - a piece from Xom's chessboard (15/15)


   Skills:
 + Level 8.4 Fighting
 + Level 3.3(4.3) Axes
 + Level 4.1(8.0) Maces & Flails
 + Level 10.0(10.3) Staves
 + Level 9.6 Armour
 + Level 4.8 Dodging
 + Level 6.3 Stealth


You had 9 spell levels left.
You didn't know any spells.
Your spell library contained the following spells:

 Spells                   Type           Power      Damage    Failure   Level
 Beastly Appendage        Tmut           0%         N/A       100%        1
 Sublimation of Blood     Necr           0%         N/A       100%        2
 Wereblood                Tmut           0%         N/A       100%        2
 Spider Form              Tmut/Pois      0%         N/A       100%        3
 Tukima's Dance           Hex            0%         N/A       100%        3
 Passage of Golubria      Tloc           N/A        N/A       100%        4
 Yara's Violent Unravell  Hex/Tmut       0%         3d3       100%        5
 Summon Hydra             Summ           0%         N/A       100%        7


Dungeon Overview and Level Annotations

Branches:
Dungeon (9/15)             Temple (1/1) D:5             Orc (0/2) D:9
   Lair: D:8-11

Altars:
Ashenzari
Cheibriados
Dithmenos
Elyvilon
Fedhas
Gozag
Kikubaaqudgha
Makhleb
Nemelex Xobeh
Okawaru
Qazlal
Ru
Sif Muna
Trog
Uskayaw
Vehumet
Wu Jian
Xom
Yredelemnul
Zin
The Shining One

Shops:
D:1 *   D:2 [

Annotations:
D:4 Dowan, Duvessa
D:7 3 runed translucent doors, Eryximachus's ghost, novice DrTm


Innate Abilities, Weirdness & Mutations

You have a pair of horns on your head.
You reflexively headbutt those who attack you in melee.


Message History

You have difficulty breathing.
You feel yourself slow down.
Your Staves skill increases to level 10!
You feel very sick.
A yak comes into view.
The kobold brigand throws a curare-tipped dart.
The curare-tipped dart hits you.
You are more poisoned.
You have difficulty breathing.
You feel as though you will be slow longer.
The centaur wields a +0 shortbow.
The centaur shoots an arrow.
The arrow hits you.
Things that are here:
+0 steam dragon scales; a steam dragon corpse You feel extremely sick.
The kobold brigand throws a curare-tipped dart.
The curare-tipped dart hits you.
You are more poisoned.
You have difficulty breathing.
You feel as though you will be slow longer.
You feel extremely sick.
The centaur shoots an arrow.
The arrow barely misses you.
The centaur shoots an arrow.
The arrow hits you!
* * * LOW HITPOINT WARNING * * *
There is an open door, spattered with blood here.
You feel extremely sick.
The centaur shoots an arrow.
The arrow hits you.
* * * LOW HITPOINT WARNING * * *
The kobold brigand throws a curare-tipped dart.
The curare-tipped dart hits you.
You are lethally poisoned!
You have difficulty breathing.
* * * LOW HITPOINT WARNING * * *
You feel as though you will be slow longer.
The centaur shoots an arrow.
The arrow hits you.
* * * LOW HITPOINT WARNING * * *
The kobold brigand throws a curare-tipped dart.
The curare-tipped dart barely misses you.
You close the door.
You die...
Your body rises from the dead as a mindless zombie.

#......#..# #..######.###......
##.....#...# #..# ###.# #......
#.....##...###..# #...# ######.
##.....#.....#..# #...## #.
#.....##....K..# #....# .#.
#......###/.c..# #...## .. #.
##.......####[.# #...# #.# ##
#..........##+####...####.#
#..(.........@..##........####
#.#############.##............
... ...........................
..### #..# #............>........
. #..###................<....
#......))########..........
#.######.########..........
#######......<........'......###.
...........###.########......#.#.


There were no monsters in sight!

Vanquished Creatures
  A two-headed ogre (D:5)
  A troll (D:8)
  Prince Ribbit (D:5)
  2 shadows (D:9)
  A human (D:9)
  2 steam dragons (D:9)
  A wyvern (D:9)
  Menkaure (D:5)
  3 water moccasins
  3 orc warriors
  2 sky beasts (D:7)
  A black bear (D:5)
  2 ogres
  A centaur (D:7)
  3 phantoms
  2 bullfrogs
  3 kobold brigands
  6 scorpions
  A water moccasin zombie (D:6)
  A water moccasin skeleton (D:5)
  2 troll zombies (D:9)
  2 jellies
  5 wights (D:6)
  A bullfrog zombie (D:6)
  2 centaur zombies
  A hound (D:4)
  A bullfrog skeleton (D:5)
  An orc priest (D:8)
  4 centaur skeletons
  2 iguanas (D:6)
  A scorpion zombie (D:5)
  6 orc wizards
  A killer bee zombie (D:7)
  5 ogre zombies (D:9)
  2 howler monkey zombies
  5 adders
  4 gnolls
  An ufetubus (D:6)
  2 worms
  3 dart slugs
  11 orcs
  6 endoplasms
  3 giant cockroaches
  9 hobgoblins
  4 jackals (D:4)
  3 quokkas
  9 ball pythons
  6 bats
  4 frilled lizards
  A goblin (D:4)
  3 goblin skeletons (D:9)
  5 goblin zombies (D:9)
  3 hobgoblin skeletons (D:9)
  2 hobgoblin zombies (D:9)
  A jackal skeleton (D:9)
  14 kobolds
  A kobold skeleton (D:9)
  3 orc skeletons (D:9)
  9 orc zombies (D:9)
  3 rats (D:1)
189 creatures vanquished.

Vanquished Creatures (others)
  A quokka (D:8)
  An orc zombie (D:9)
2 creatures vanquished.

Grand Total: 191 creatures vanquished

Notes
Turn   | Place    | Note
-------+----------+-------------------------------------------
     0 | D:5      | cbfl8 the Minotaur Delver began the quest for the Orb.
     0 | D:5      | Reached XP level 1. HP: 19/19 MP: 0/0
    47 | D:5      | Reached XP level 2. HP: 2/27 MP: 1/1
    47 | D:5      | Reached XP level 3. HP: 3/33 MP: 2/2
   378 | D:4      | Reached skill level 5 in Stealth
   378 | D:4      | Reached XP level 4. HP: 36/40 MP: 3/3
   925 | D:1      | Found a faded altar of an unknown god.
  1249 | D:1      | Reached skill level 1 in Armour
  1454 | D:1      | Found Voumoi Qiuc's General Store.
  1575 | D:2      | Found Esaos's Armour Shoppe.
  1707 | D:2      | Reached XP level 5. HP: 25/46 MP: 4/4
  2667 | D:3      | Reached skill level 1 in Maces & Flails
  3515 | D:4      | Reached XP level 6. HP: 47/53 MP: 5/5
  4117 | D:4      | Noticed Dowan
  4118 | D:4      | Noticed Duvessa
  4219 | D:5      | Noticed a two-headed ogre
  4276 | D:5      | Reached skill level 5 in Fighting
  4276 | D:5      | Reached skill level 1 in Staves
  4276 | D:5      | Reached XP level 7. HP: 61/61 MP: 6/6
  4357 | D:5      | Reached skill level 2 in Staves
  4689 | D:5      | Found an opulent altar of Gozag.
  4717 | D:5      | Noticed Menkaure
  4717 | D:5      | Noticed Prince Ribbit
  4729 | D:5      | Killed Prince Ribbit
  4730 | D:5      | Reached skill level 5 in Armour
  4731 | D:5      | Killed Menkaure
  4815 | D:5      | Reached XP level 8. HP: 51/69 MP: 7/7
  4877 | D:5      | Killed a two-headed ogre
  4878 | D:5      | Reached skill level 5 in Staves
  4994 | D:5      | Found a staircase to the Ecumenical Temple.
  5126 | Temple   | Entered the Ecumenical Temple
  6036 | D:6      | Reached skill level 6 in Staves
  6036 | D:6      | Reached XP level 9. HP: 75/78 MP: 8/8
  6596 | D:7      | Reached skill level 7 in Staves
  6609 | D:7      | Found a blossoming altar of Fedhas.
  6691 | D:7      | Found a runed translucent gate.
  6691 | D:7      | Found a runed translucent gate.
  6691 | D:7      | Found a runed translucent gate.
  6941 | D:7      | Reached skill level 8 in Staves
  7101 | D:7      | Noticed Eryximachus's ghost (novice DrTm)
  7890 | D:8      | Found a white marble altar of Elyvilon.
  8538 | D:9      | Found a runed translucent door.
  8542 | D:9      | Found a basalt altar of Yredelemnul.
  8650 | D:9      | Reached skill level 9 in Staves
  8650 | D:9      | Reached XP level 10. HP: 88/88 MP: 9/9
  8666 | D:9      | Became a worshipper of Yredelemnul the Dark
  8722 | D:9      | Found a glowing silver altar of Zin.
  8960 | D:9      | Reached * piety under Yredelemnul
  9020 | D:9      | Found a staircase to the Orcish Mines.
  9319 | D:9      | Reached skill level 10 in Staves
  9323 | D:9      | Succumbed to a kobold brigand's curare-tipped dart

Illustrated notes

Levels and vault maps discovered:
D:1:      giann_horns, layout_loops_ring,
          hellmonk_ecumenical_altar_heavens_door, serial_shops,
          nicolae_lakefront_shop, minmay_misc_feat_cross
D:2:      layout_loops_ring, serial_shops, shop
D:3:      layout_basic
D:4:      layout_gridville, hangedman_decor_push, kennysheep_donut, uniq_duvessa
D:5:      layout_basic, lemuel_tele_altar, minmay_temple_entry_poolview,
          uniq_prince_ribbit1, uniq_menkaure
D:6:      layout_basic
D:7:      layout_layer_cave, mainiacjoe_overflow_24_doors, gammafunk_ghost_icy,
          hellmonk_bongcloud_opening
D:8:      layout_basic, elyvilon_altar_4
D:9:      minmay_quarter_circles, layout_basic, mainiacjoe_overflow_alcove_2,
          dk_yredelemnul_ordeal, lemuel_doored_altar, zombieorc2_lemuel,
          serial_corexii_hall, corexii_hall_statues_l, corexii_hall_statues_s,
          corexii_hall_statues_l
Temple:   eino_temple_rhombus

Skill      XL: |  1  2  3  4  5  6  7  8  9 10 |
---------------+-------------------------------+-----
Fighting       | 4 5 6 8 |  8.4
Axes           | 3 |  3.3
Stealth        | 5 6 |  6.3
Armour         | 1 2 3 6 7 9 |  9.6
Maces & Flails | 2 3 4 |  4.1
Staves         | 1 2 6 9 10 | 10.0
Dodging        | 3 4 |  4.8

Action                   |  1- 3 |  4- 6 |  7- 9 | 10-12 || total
-------------------------+-------+-------+-------+-------++-------
Melee: Hand axe          |    11 |    40 |       |       ||    51
       Headbutt          |     3 |    31 |    39 |    21 ||    94
       Flail             |       |    75 |       |       ||    75
       Quarterstaff      |       |    15 |   145 |   100 ||   260
  Use: Scroll            |       |       |     5 |     1 ||     6
       Potion            |       |       |       |     1 ||     1
 Stab: Sleeping          |       |    12 |     3 |       ||    15
       Distracted        |       |       |       |     2 ||     2
Armor: Leather armour    |       |    17 |       |       ||    17
       Scale mail        |       |    46 |    48 |       ||    94
       Plate armour      |       |       |    17 |    53 ||    70
Dodge: Dodged            |     9 |    94 |    79 |    29 ||   211
